 Dungeon Crawl Stone Soup version 0.29-a0-284-gf9362112df (webtiles) character file.

Game seed: 4138836364908867920

15670 frimble the Fighter (level 12, 0/94 HPs)
             Began as a Djinni Cinder Acolyte on Mar 16, 2022.
             Was an Elder of Ignis.
             Slain by an ice beast (9 damage)
             ... summoned by Fannar
             ... on level 11 of the Dungeon.
             The game lasted 00:22:11 (13986 turns).

frimble the Fighter (Djinni Cinder Acolyte)        Turns: 13986, Time: 00:22:12

Health: 0/94       AC: 19    Str: 15    XL:     12   Next: 60%
Gold:   617        EV:  9    Int: 25    God:    Ignis [****..] SH:  4 Dex:  9

rFire   + + +      SeeInvis .   F - +3 short sword (freeze)
rCold   x . .      Faith    .   D - +0 buckler
rNeg    + . .      Spirit   .   e - +0 pearl dragon scales
rPois   ∞          Reflect  .   h - +2 hat
rElec   .          Harm     .   q - +0 cloak
rCorr   .          Rampage  .   y - +1 pair of gloves
Will    +....                   (boots unavailable)
Stlth   +.........              x - amulet of regeneration
HPRegen 1.05/turn               d - +4 ring of protection
MPRegen 0.00/turn               s - +6 ring of intelligence

@: silenced, flying, very slightly contaminated, slowed, very slow
A: sickness immunity, fire resistance 2, cold vulnerability 1, float, innate
caster, HP casting, extra vitality 1
a: Renounce Religion


You were on level 11 of the Dungeon.
You worshipped Ignis.
Ignis was greatly pleased with you.
You visited 2 branches of the dungeon, and saw 13 of its levels.

You collected 617 gold pieces.

Inventory:

Hand Weapons
 F - a +3 short sword of freezing (weapon)
Missiles
 G - a throwing net
Armour
 e - +0 pearl dragon scales (worn)
 h - a +2 hat (worn)
 q - a +0 cloak (worn)
 y - a +1 pair of gloves (worn)
 D - a +0 buckler (worn)
Jewellery
 d - a +4 ring of protection (left hand)
 g - a ring of resist corrosion
 s - a +6 ring of intelligence (right hand)
 t - a ring of positive energy
 x - an amulet of regeneration (around neck)
 C - a ring of willpower
Wands
 k - a wand of iceblast (7)
 u - a wand of charming (9)
 w - a wand of acid (10)
Scrolls
 a - a scroll of enchant weapon
 b - 3 scrolls of silence
 l - 2 scrolls of blinking
 p - 2 scrolls of magic mapping
 B - 2 scrolls of identify
 H - a scroll of brand weapon
Potions
 f - 5 potions of curing
 i - 3 potions of brilliance
 j - a potion of haste
 m - a potion of resistance
 n - a potion of might
 o - 2 potions of flight
 r - 5 potions of attraction
 v - 3 potions of cancellation
 z - a potion of lignification
 E - 3 potions of heal wounds


   Skills:
 + Level 11.1 Fighting
 + Level 10.1 Short Blades
 + Level 1.0 Armour
 - Level 3.1 Dodging
 - Level 7.0 Stealth
 + Level 5.2 Shields
 + Level 5.4 Spellcasting
 - Level 5.1 Evocations


You had 5 spell levels left.
You knew the following spells:

 Your Spells              Type           Power      Damage    Failure   Level
a - Scorch                Fire           68%        2d8       9%          2
b - Sandblast             Erth           68%        2d15      6%          1
c - Searing Ray           Conj           68%        2d6       9%          2
d - Mephitic Cloud        Conj/Pois/Air  34%        N/A       17%         3
e - Gell's Gravitas       Tloc           34%        N/A       17%         3
f - Silence               Hex/Air        17%        N/A       85%         5
Your spell library was empty.

Dungeon Overview and Level Annotations

Branches:
Dungeon (12/15)            Temple (0/1) D:6            Lair (1/6) D:8
    Orc: D:9-12

Altars:
Ashenzari
Cheibriados
Dithmenos
Fedhas
Hepliaklqana
Makhleb
Okawaru
Qazlal
Ru
Trog
Uskayaw
Yredelemnul

Annotations:
D:5 2 transporters, indyram44's ghost, novice DrCj
D:11 Fannar


Innate Abilities, Weirdness & Mutations

You are immune to sickness and miasma.
You are immune to poison.
Your flesh is very heat resistant. (rF++)
You are vulnerable to cold. (rC-)
You float through the air rather than walking.
You learn spells naturally, not from books.
Your magical power is your life essence.
You have superior vitality. (+4 MHP)


Message History

Fannar is moderately wounded.
Fannar seems less confused.
Fannar hits you but does no damage. Fannar freezes you.
You puncture Fannar!
Fannar is heavily wounded.
Fannar hits you but does no damage. Fannar freezes you!
You are too injured to fight recklessly!
You are too injured to fight recklessly!
You are too injured to fight recklessly!
You are too injured to fight recklessly!
You are too injured to fight recklessly!
Casting: Mephitic Cloud (dangerous; 17% risk of failure)
Confirm with . or Enter, or press ? or * to list all spells.
The spell is quite dangerous to miscast (85% risk of failure)!
Continue anyway?
You miscast Silence.
You are very lightly contaminated with residual magic.
Magic surges out from your body.
Your magical effects are unravelling.
You feel yourself slow down.
You flicker back into view.
Fannar hits you but does no damage. Fannar freezes you.
Fannar gestures wildly while chanting.
You hit Fannar but do no damage.
Fannar is heavily wounded.
Fannar mumbles some strange words.
Fannar drains the heat from the surrounding environment!
You feel a terrible chill!
* * * LOW HITPOINT WARNING * * *
You closely miss Fannar.
Fannar is heavily wounded.
You block Fannar's attack.
Some snowflakes condense on Fannar.
You block Fannar's attack.
Okay, then.
As you read the scroll of silence, it crumbles to dust.
A profound silence engulfs you. You block Fannar's attack.
The ice beast hits you.
* * * LOW HITPOINT WARNING * * *
The ice beast freezes you!
You feel a terrible chill!
You die...

#........ ## #.##+#.. #. #.##.#.#
###### ######. #.#..#.# ....
#...... #.#..#.# ..######.####.
#.#..#.######.#<#.........
#.#.##........#.#.##..#...
##.#.....eY......(.........
#....#####@.#..#.#(##..###.
###...>......................
#.'....######.#..#.#.##......
#.#........##.#..#...###....#
#.####..<..'..#..###.# #....# #.#
#.....#.....#######....#
#####.####.....##..........#.####
...........................###
#####.#########............#


You could see Fannar (fast) and an ice beast (summoned).

Vanquished Creatures
  Gastronok (D:9)
  4 two-headed ogres
  A tengu warrior (D:8)
  Lodul (D:12)
  2 cyclopes (D:11)
  Maggie (D:7)
  2 cane toads (Lair:1)
  2 kobold demonologists
  2 rime drakes (Lair:1)
  A polar bear (Lair:1)
  Grinder (D:3)
  Sigmund (D:6)
  A wyvern (D:9)
  A wraith (D:10)
  A shadow (D:8)
  4 yaks (D:10)
  A basilisk (Lair:1)
  Menkaure (D:5)
  2 acid dragons (D:10)
  5 water moccasins
  An orc warrior (D:8)
  A sky beast (D:8)
  An ice beast (D:6)
  3 ogres
  5 wolves (Lair:1)
  11 centaurs
  2 phantoms
  5 kobold brigands
  2 gnoll sergeants
  2 necrophages
  8 bullfrogs
  4 scorpions
  7 wights (D:8)
  16 killer bees
  5 howler monkeys
  3 jellies
  3 gnoll shamans
  7 hounds
  6 orc priests
  3 iguanas
  Jessica (D:3)
  4 orc wizards
  Terence (D:3)
  A mummy (D:3)
  28 gnolls
  4 adders
  3 shadow imps (D:7)
  An ufetubus (D:6)
  A worm (D:3)
  2 dart slugs
  19 orcs
  7 endoplasms
  6 giant cockroaches
  13 goblins
  7 hobgoblins
  6 jackals
  17 kobolds
  6 bats
  6 frilled lizards
  2 rats (D:3)
  2 foxfires (D:12)
267 creatures vanquished.

Vanquished Creatures (collateral kills)
  A tengu conjurer (D:8)
  A troll (D:8)
  2 killer bees (D:11)
4 creatures vanquished.

Vanquished Creatures (others)
  43 foxfires (D:12)
  A plant (Lair:1)
44 creatures vanquished.

Grand Total: 315 creatures vanquished

Notes
Turn   | Place    | Note
-------+----------+-------------------------------------------
     0 | D:1      | frimble the Djinni Cinder Acolyte began the quest for the
                  | Orb.
     0 | D:1      | Reached XP level 1. HP: 20/20 MP: 0/0
   408 | D:1      | Reached XP level 2. HP: 25/25 MP: 0/0
   636 | D:1      | Found a faded altar of an unknown god.
  1061 | D:2      | Reached XP level 3. HP: 17/30 MP: 0/0
  1061 | D:2      | Learned a level 1 spell: Sandblast
  1859 | D:1      | Reached XP level 4. HP: 2/37 MP: 0/0
  2254 | D:2      | Reached skill level 4 in Fighting
  2701 | D:3      | Noticed Grinder
  2708 | D:3      | Killed Grinder
  2709 | D:3      | Reached XP level 5. HP: 30/42 MP: 0/0
  2709 | D:3      | Learned a level 2 spell: Searing Ray
  2709 | D:3      | Reached XP level 6. HP: 35/48 MP: 0/0
  2852 | D:3      | Noticed Terence
  3256 | D:3      | Killed Terence
  3485 | D:3      | Found a snail-covered altar of Cheibriados.
  3496 | D:3      | Reached skill level 5 in Fighting
  3496 | D:3      | Reached XP level 7. HP: 36/54 MP: 0/0
  3496 | D:3      | Learned a level 3 spell: Mephitic Cloud
  3709 | D:3      | Noticed Jessica
  3713 | D:3      | Killed Jessica
  4542 | D:4      | Reached skill level 5 in Short Blades
  4898 | D:4      | Found a basalt altar of Yredelemnul.
  4907 | D:4      | Reached XP level 8. HP: 50/61 MP: 0/0
  5288 | D:5      | Entered Level 5 of the Dungeon
  5382 | D:5      | Reached skill level 6 in Fighting
  5635 | D:5      | Noticed indyram44's ghost (novice DrCj)
  5651 | D:5      | Reached skill level 1 in Stealth
  5652 | D:5      | Noticed Menkaure
  5667 | D:5      | Killed Menkaure
  5975 | D:5      | Reached XP level 9. HP: 54/67 MP: 0/0
  5975 | D:5      | Learned a level 3 spell: Gell's Gravitas
  6166 | D:5      | Found a transporter.
  6185 | D:5      | Found a transporter.
  6568 | D:6      | Reached skill level 5 in Spellcasting
  6899 | D:6      | Reached skill level 7 in Fighting
  7008 | D:6      | Noticed Sigmund
  7022 | D:6      | Killed Sigmund
  7200 | D:6      | Found a staircase to the Ecumenical Temple.
  7730 | D:7      | Found a transporter.
  7746 | D:7      | Reached skill level 1 in Evocations
  7756 | D:7      | Noticed a kobold demonologist
  7784 | D:7      | Noticed Maggie
  7806 | D:7      | Killed Maggie
  7949 | D:7      | Reached XP level 10. HP: 73/76 MP: 0/0
  7952 | D:7      | Found a transporter.
  8260 | D:7      | Found a sacrificial altar of Ru.
  8605 | D:7      | Reached skill level 8 in Fighting
  8901 | D:7      | Killed a kobold demonologist
  8987 | D:8      | Noticed a two-headed ogre
  8997 | D:8      | Killed a two-headed ogre
  8998 | D:8      | Reached skill level 5 in Stealth
  9045 | D:8      | Found a staircase to the Lair.
  9536 | D:8      | Found a broken altar of Ashenzari.
  9913 | D:8      | Found a burning altar of Makhleb.
  9914 | D:8      | Found a stormy altar of Qazlal.
  9915 | D:8      | Found a shadowy altar of Dithmenos.
  9916 | D:8      | Found a bloodstained altar of Trog.
  9917 | D:8      | Found a hazy altar of Hepliaklqana.
  9918 | D:8      | Found a blossoming altar of Fedhas.
  9919 | D:8      | Found a hide-covered altar of Uskayaw.
 10318 | D:9      | Noticed a tengu warrior
 10420 | D:8      | Reached skill level 9 in Fighting
 10420 | D:8      | Reached skill level 5 in Evocations
 10420 | D:8      | Reached XP level 11. HP: 43/84 MP: 0/0
 10420 | D:8      | Learned a level 5 spell: Silence
 10433 | D:8      | Killed a tengu warrior
 10509 | D:9      | Reached skill level 1 in Shields
 10653 | D:9      | Noticed Gastronok
 10670 | D:9      | Killed Gastronok
 10764 | D:9      | Noticed a two-headed ogre
 10778 | D:9      | Killed a two-headed ogre
 10830 | D:9      | Found an iron altar of Okawaru.
 11242 | D:10     | Entered Level 10 of the Dungeon
 11387 | D:10     | Reached skill level 10 in Fighting
 11962 | D:11     | Noticed a cyclops
 11991 | D:11     | Noticed a cyclops
 11995 | D:11     | Killed a cyclops
 12006 | D:11     | Killed a cyclops
 12007 | D:11     | Reached XP level 12. HP: 21/92 MP: 0/0
 12151 | D:11     | Noticed Fannar
 12189 | D:12     | Noticed a centaur warrior
 12313 | D:12     | Noticed a two-headed ogre
 12314 | D:12     | Noticed a two-headed ogre
 12316 | D:12     | Noticed a two-headed ogre
 12327 | D:12     | Noticed Lodul
 12327 | D:12     | Noticed a two-headed ogre
 12340 | D:12     | Killed a two-headed ogre
 12341 | D:12     | Reached skill level 1 in Dodging
 12344 | D:12     | Killed a two-headed ogre
 12351 | D:12     | Killed Lodul
 12351 | D:12     | Noticed a two-headed ogre
 12684 | Lair:1   | Entered Level 1 of the Lair of Beasts
 12743 | Lair:1   | Reached skill level 10 in Short Blades
 13028 | Lair:1   | Reached skill level 11 in Fighting
 13044 | Lair:1   | Reached skill level 5 in Shields
 13956 | D:10     | Reached skill level 1 in Armour
 13986 | D:11     | Slain by an ice beast

Illustrated notes

Levels and vault maps discovered:
D:1:      mrwooster_arrival_statue_3, layout_basic,
          hellmonk_ecumenical_altar_inner_sanctum, hex_tiny
D:2:      layout_loops_ring
D:3:      layout_rooms, slow_altar_1, hangedman_decor_points, uniq_terence,
          uniq_grinder, uniq_jessica
D:4:      layout_rooms, mainiacjoe_overflow_small_starburst
D:5:      layout_cave_pools, gammafunk_ghost_arena, grunt_decor_mini_mirrors,
          uniq_menkaure
D:6:      layout_gridville, minmay_temple_entry_hall, dk_noncrumbling_4,
          uniq_sigmund
D:7:      gammafunk_wand_slinger, layout_layer_cave, lemuel_round_altar,
          uniq_maggie
D:8:      layout_layer_cave, minitemple, cheibrodos_ashenzari_chains,
          lair_entry_dummy, minmay_misc_feat_enclosed, kennysheep_cross_room
D:9:      layout_long_grid, mainiacjoe_overflow_brackets, uniq_gastronok
D:10:     layout_rooms
D:11:     layout_basic, david_orc_1_choice, uniq_fannar
D:12:     layout_layer_cave, nrook_pool_corridor, uniq_lodul
Lair:1:   layout_small_grid, lemuel_fruit_tree, grunt_megastairs_5

Skill      XL: |  1  2  3  4  5  6  7  8  9 10 11 12 |
---------------+-------------------------------------+-----
Short Blades   | 3 4 5 6 7 8 9 10 | 10.1
Fighting       | 4 5 6 7 9 10 11 | 11.1
Spellcasting   | 3 4 5 |  5.4
Stealth        | 2 4 5 6 7 |  7.0
Evocations     | 2 5 |  5.1
Shields        | 4 5 |  5.2
Dodging        | 3 |  3.1
Armour         | 1 |  1.0

Action                   |  1- 3 |  4- 6 |  7- 9 | 10-12 || total
-------------------------+-------+-------+-------+-------++-------
Melee: Short sword       |   133 |    39 |   208 |   353 ||   733
       Punch             |       |     1 |     6 |     4 ||    11
 Cast: Scorch            |     8 |    21 |   104 |   136 ||   269
       Searing Ray       |       |     9 |     4 |     5 ||    18
       Mephitic Cloud    |       |       |     5 |    23 ||    28
       Gell's Gravitas   |       |       |       |     4 ||     4
Invok: Fiery Armour      |       |       |       |     2 ||     2
       Foxfire Swarm     |       |       |       |     2 ||     2
       Rising Flame      |       |       |       |     1 ||     1
Evoke: Wand              |       |       |     1 |     9 ||    10
  Use: Scroll            |     3 |       |    11 |    13 ||    27
       Potion            |       |       |       |     2 ||     2
 Stab: Confused          |       |       |     1 |    15 ||    16
       Sleeping          |       |       |       |     7 ||     7
       Invisible         |       |       |       |     2 ||     2
Armor: Robe              |    78 |    22 |    85 |       ||   185
       Steam dragon scal |       |       |     1 |   183 ||   184
       Pearl dragon scal |       |       |       |    19 ||    19
Dodge: Dodged            |    95 |    27 |   109 |   233 ||   464
Block: Buckler           |       |       |       |    27 ||    27

Table legend: (Time is in decaauts)
 A = Elapsed time spent in this place.
 B = Non-inter-level travel time spent in this place.
 C = Inter-level travel time spent in this place.
 D = Time resting spent in this place.
 E = Time spent auto-exploring this place.
 F = Levels seen in this place.
 G = Mean time per level.
                   A        B        C        D        E       F      G
               +--------+--------+--------+--------+--------+-----+--------+
         Total |  13845 |  13216 |    629 |   1229 |   9728 |  13 | 1065.0 |
       Dungeon |  12702 |  12116 |    586 |   1229 |   8805 |  12 | 1058.5 |
          Lair |   1143 |   1101 |     42 |      0 |    923 |   1 | 1143.0 |
               +--------+--------+--------+--------+--------+-----+--------+

Top non-repeatable levels by time:
     D:1: 1820 daAuts
     D:8: 1603 daAuts
     D:3: 1463 daAuts
     D:4: 1328 daAuts
     D:7: 1263 daAuts
     D:6: 1261 daAuts
  Lair:1: 1143 daAuts
     D:5: 916 daAuts
     D:2: 875 daAuts
     D:9: 826 daAuts
    D:10: 779 daAuts
    D:11: 381 daAuts
    D:12: 183 daAuts
